 Dungeon Crawl Stone Soup version 0.29-a0-330-g52719c12eb (webtiles) character file.

Game seed: 15967297155696323728

158955 Mechanicalman the Destroyer (level 16, -15/132 HPs)
             Began as a Demigod Wanderer on May 13, 2022.
             Succumbed to Nessos's poison
             ... on level 13 of the Dungeon.
             The game lasted 02:16:55 (55832 turns).

Mechanicalman the Destroyer (Demigod Wanderer)     Turns: 55832, Time: 02:16:55

Health: -15/132    AC: 19    Str: 27    XL:     16   Next: 35%
Magic:  33/33      EV: 10    Int: 27    God:
Gold:   672        SH: 12    Dex: 15    Spells: 3/31 levels left

rFire   + . .      SeeInvis .   a - staff of conjuration {!a}
rCold   . . .      Faith    .   m - +1 kite shield {rF+}
rNeg    + . .      Spirit   .   C - quicksilver dragon scales
rPois   .          Reflect  .   H - +0 helmet
rElec   +          Harm     .   E - scarf {shadows}
rCorr   .          Rampage  .   t - +2 pair of gloves
Will    +++..                   u - +0 pair of boots
Stlth   +.........              N - amulet of magic regeneration
HPRegen 0.00/turn               x - ring of Yblia {rN+ Will+ Str+6 Dex+3}
MPRegen 0.63/turn               X - ring of wizardry

@: lethally poisoned (-15 -> -84), inhibited regen, studying Throwing
A: high MP 1, forlorn, divine attributes, talons 1, electricity resistance,
inhibited regeneration, evolution 1
}: 1/15 runes: decaying
a: no special abilities


You were on level 13 of the Dungeon.
You visited 6 branches of the dungeon, and saw 28 of its levels.
You also visited: Bailey and Gauntlet.

You collected 2901 gold pieces.
You spent 2229 gold pieces at shops.

Inventory:

Hand Weapons
 b - a +6 demon whip of venom
Missiles
 c - 6 javelins
 e - 4 boomerangs of dispersal {!f}
Armour
 l - +2 gold dragon scales
 m - a +1 kite shield of fire resistance (worn)
 t - a +2 pair of gloves (worn)
 u - a +0 pair of boots (worn)
 C - quicksilver dragon scales (worn)
 E - a scarf of shadows (worn)
 H - a +0 helmet (worn)
 L - +0 swamp dragon scales
Magical Staves
 a - a staff of conjuration (weapon) {!a}
 I - a staff of earth
Jewellery
 n - a ring of resist corrosion
 q - a ring of wizardry
 x - the ring of Yblia (left hand) {rN+ Will+ Str+6 Dex+3}
   (You found it on level 4 of the Dungeon)

   [ring of strength]

   Str:       It affects your strength (+6).
   Dex:       It affects your dexterity (+3).
   rN:        It protects you from negative energy.
   Will:      It increases your willpower.
 B - a ring of flight
 N - an amulet of magic regeneration (around neck)
 Q - a ring of protection from cold
 U - a ring of protection from fire
 V - an amulet of the acrobat
 W - a ring of positive energy
 X - a ring of wizardry (right hand)
Wands
 k - a wand of iceblast (22)
 K - a wand of acid (10)
 R - a wand of digging (11)
Scrolls
 f - 15 scrolls of teleportation
 g - 3 scrolls of fear
 i - 4 scrolls of identify
 o - 2 scrolls of immolation
 p - a scroll of silence
 r - 2 scrolls of holy word
 v - a scroll of blinking
 y - 2 scrolls of torment
 A - a scroll of vulnerability
 D - a scroll of amnesia
 G - 5 scrolls of enchant armour
 J - a scroll of fog
 M - a scroll of magic mapping
 T - 4 scrolls of brand weapon
Potions
 d - 2 potions of resistance {!q, 5}
 j - 3 potions of haste
 w - 2 potions of cancellation
 z - a potion of curing
 F - 2 potions of ambrosia
 O - 5 potions of attraction
 P - a potion of brilliance
 S - 4 potions of mutation
 Y - 3 potions of berserk rage
 Z - 4 potions of might
Miscellaneous
 s - a condenser vane


   Skills:
 + Level 9.0 Fighting
 - Level 5.3(8.3) Axes
 * Level 9.9(10.5) Maces & Flails
 * Level 10.2 Armour
 - Level 1.0 Dodging
 + Level 9.5 Shields
 + Level 8.2 Spellcasting
 * Level 11.1 Conjurations
 - Level 6.0 Hexes
 - Level 6.0 Necromancy
 * Level 9.2 Transmutations
 * Level 11.0 Earth Magic


You had 3 spell levels left.
You knew the following spells:

 Your Spells              Type           Power      Damage    Failure   Level
b - Stone Arrow           Conj/Erth      100%       3d13      1%          3
c - Sublimation of Blood  Necr           43%        N/A       1%          2
l - Lee's Rapid Deconstr  Erth           31%        3d17*     1%          5
p - Petrify               Tmut/Erth      60%        N/A       1%          4
v - Vampiric Draining     Necr           43%        2d9       1%          3
w - Irradiate             Conj/Tmut      39%        3d26      2%          5
P - Passwall              Tmut/Erth      50%        N/A       1%          2
U - Cause Fear            Hex            21%        N/A       6%          4

Your spell library contained the following spells:

 Spells                   Type           Power      Damage    Failure   Level
 Animate Skeleton         Necr           86%        N/A       1%          1
 Beastly Appendage        Tmut           100%       N/A       1%          1
 Magic Dart               Conj           100%       1d8       1%          1
 Pain                     Necr           100%       1d9       1%          1
 Sandblast                Erth           100%       2d20      1%          1
 Shock                    Conj/Air       100%       1d9       1%          1
 Sting                    Tmut/Pois      100%       1d8       1%          1
 Searing Ray              Conj           100%       2d8       1%          2
 Wereblood                Tmut           57%        N/A       1%          2
 Conjure Flame            Conj/Fire      58%        6-21      1%          3
 Dazzling Flash           Conj/Hex       100%       N/A       1%          3
 Tukima's Dance           Hex            43%        N/A       1%          3
 Ensorcelled Hibernation  Hex/Ice        54%        N/A       3%          2
 Spider Form              Tmut/Pois      35%        N/A       3%          3
 Inner Flame              Hex/Fire       27%        N/A       6%          3
 Portal Projectile        Hex/Tloc       54%        N/A       6%          3
 Summon Guardian Golem    Hex/Summ       27%        N/A       6%          3
 Apportation              Tloc           22%        N/A       7%          1
 Summon Small Mammal      Summ           44%        N/A       7%          1
 Poisonous Vapours        Pois/Air       22%        N/A       11%         2
 Call Canine Familiar     Summ           11%        N/A       21%         3
 Gell's Gravitas          Tloc           11%        N/A       21%         3
 Lesser Beckoning         Tloc           11%        N/A       21%         3
 Teleport Other           Tloc           11%        N/A       21%         3
 Fulminant Prism          Conj/Hex       36%        3d18      1%          4
 Anguish                  Hex/Necr       21%        N/A       6%          4
 Flame Wave               Conj/Fire      58%        2d11      6%          4
 Hailstorm                Conj/Ice       58%        3d13      7%          4
 Iskenderun's Mystic Bla  Conj/Tloc      58%        2d12      7%          4
 Ice Form                 Ice/Tmut       35%        N/A       11%         4
 Fireball                 Conj/Fire      29%        3d13      17%         5
 Alistair's Intoxication  Tmut/Pois      23%        N/A       26%         5
 Summon Mana Viper        Hex/Summ       27%        N/A       45%         5
 Olgreb's Toxic Radiance  Pois           11%        N/A       52%         4
 Summon Ice Beast         Ice/Summ       11%        N/A       52%         4
 Starburst                Conj/Fire      29%        6d9       65%         6
 Eringya's Noxious Bog    Tmut/Pois      17%        N/A       80%         6
 Summon Forest            Summ/Tloc      5%         N/A       86%         5
 Simulacrum               Ice/Necr       13%        N/A       95%         6
 Enfeeble                 Hex            21%        N/A       99%         7
 Dispersal                Tloc           5%         N/A       100%        6
 Summon Cactus Giant      Summ           5%         N/A       100%        6
 Monstrous Menagerie      Summ           5%         N/A       100%        7
 Summon Hydra             Summ           5%         N/A       100%        7
 Discord                  Hex            21%        N/A       100%        8
 Maxwell's Capacitive Co  Air            5%         ∞         100%        8
 Chain Lightning          Conj/Air       29%        3d38      100%        9
 Death's Door             Necr           21%        N/A       100%        9
 Fire Storm               Conj/Fire      29%        8d7       100%        9
 Shatter                  Erth           31%        3d26*     100%        9


Dungeon Overview and Level Annotations

Branches:
Dungeon (14/15) Temple (0/1) D:4 Lair (6/6) D:8 Swamp (4/4) Lair:2 Spider (1/4) Lair:4 Slime (0/5) Lair:5 Orc (2/2) D:11 Elf (1/3) Orc:2 Vaults (0/5) D:13 D:14 Bailey (visited) Gauntlet (visited)

Shops:
D:7 ?   D:8 *   D:10 (   D:11 [(   Orc:2 =??**([*

Portals:
Abyss: Lair:6
Trove: D:10 (give 5 potions of resistance)

Annotations:
D:12 6 transporters
D:14 Nessos
Lair:2 1 transporter


Innate Abilities, Weirdness & Mutations

You have an increased reservoir of magic. (+10% MP)
You shall have no god before yourself.
Your divine heritage dramatically boosts your attributes as you level up.
You have sharp toenails.
You are resistant to electric shocks. (rElec)
You do not regenerate when monsters are visible.
You have hidden genetic potential.


Message History

You climb downwards.
Level annotation: Nessos The centaur warrior wields a +0 shortbow.
The centaur warrior shoots an arrow.
The arrow hits you!
The centaur shoots an arrow.
The arrow hits you!
The centaur warrior shoots an arrow.
The arrow hits you!!
Nessos shoots an arrow.
The arrow hits you! The arrow burns you.
You are poisoned.
The centaur warrior shoots an arrow.
You block the arrow.
The centaur shoots an arrow.
You block the arrow. The human hits you but does no damage.
The human completely misses you.
The centaur warrior shoots an arrow.
The arrow closely misses you.
The arrow hits the human!
Nessos shoots an arrow.
The arrow hits you! The arrow burns you.
You are more poisoned.
The centaur warrior shoots an arrow.
The arrow hits you!
The centaur shoots an arrow.
The arrow hits you! The human hits you. x2
There is a stone staircase leading up, spattered with blood here.
Unknown command.
* * * LOW HITPOINT WARNING * * *
You feel extremely sick. You block the centaur warrior's attack.
The centaur warrior kicks you but does no damage.
The centaur warrior shoots an arrow.
You block the arrow.
Nessos shoots an arrow.
The arrow hits you!
* * * LOW HITPOINT WARNING * * *
The arrow burns you.
You are more poisoned.
* * * LOW HITPOINT WARNING * * *
The centaur warrior shoots an arrow.
The arrow hits you but does no damage.
The centaur warrior completely misses you.
You block the centaur warrior's attack. The human hits you but does no damage.
Nessos shoots an arrow.
The arrow hits you!
* * * LOW HITPOINT WARNING * * *
The arrow burns you.
You are more poisoned.
* * * LOW HITPOINT WARNING * * *
You block the human's attack.
You climb upwards.
You die...

...# #.#......# ...# #.#......#
...# #.#......# .### #.#####..#
.# #.#####..# .####
#.....#..######## ....#
#####.#.....[...# ####### ###.#
#..[..#)cp#####.# #.....# #.#
#...<.)#@.# #.# #.....# ###.###
#....†.#p†# #.# #.....# #.....#
#......#..# #.# #.....# #.....#
#......#..# #.###.....# #.....#
##.....#..# #.........# #.....#
#.....#..#########.....# #..<..#
#.....#.................
#.....####.....#..#########.###..
..................# #...#..


You could see a centaur warrior and 2 humans.

Vanquished Creatures
  3 tentacled monstrosities (Swamp:4)
  Rupert (D:13)
  Donald (Swamp:3)
  A thorn hunter (Swamp:4)
  5 fenstrider witches (Swamp:4)
  A reaper (Swamp:4)
  2 eleionomae
  Azrael (Orc:2)
  2 bunyips
  A minotaur (Gauntlet)
  A dire elephant (Lair:3)
  A spark wasp (Spider:1)
  A green death (Swamp:4)
  A deep elf high priest (Elf:1)
  2 ogre magi (Swamp:4)
  A ghost crab (Swamp:4)
  4 spriggan air magi
  10 hydras
  A catoblepas (D:13)
  A jorogumo (Spider:1)
  2 anacondas (Lair:3)
  A centaur warrior (D:13)
  4 dancing weapons (Elf:1)
  10 alligators
  3 death yaks
  3 two-headed ogres
  2 death scarabs (Gauntlet)
  A tengu warrior (D:13)
  Urug (D:13)
  2 large abominations (Lair:6)
  A soul eater (Swamp:4)
  3 thrashing horrors (Lair:6)
  A sixfirhy (Swamp:4)
  Sonja (Orc:2)
  A fire crab (Lair:3)
  Amaemon (Lair:2)
  A spectral death yak (Gauntlet)
  2 death drakes (Swamp:4)
  6 goliath frogs
  Pikel (D:5)
  2 wizards (Swamp:4)
  9 spriggan druids
  3 orb spiders (Spider:1)
  The ghost of initializr the Carver, a novice MiFi of Okawaru (D:6)
  A lindwurm (Lair:5)
  5 swamp dragons
  6 orc knights
  A steelbarb worm (Lair:4)
  A necromancer (Gauntlet)
  3 bog bodies
  4 orc sorcerers
  8 deep elf zephyrmancers
  2 deep elf pyromancers
  2 will-o-the-wisps
  4 wolf spiders
  4 ugly things
  A manticore (Lair:3)
  5 black mambas
  2 smoke demons (Lair:6)
  2 orange demons
  12 cane toads
  2 torpor snails
  An unseen horror (D:12)
  3 kobold demonologists
  A demonic crawler (Lair:4)
  A hellwing (Swamp:4)
  6 komodo dragons
  3 ancient zymes (Lair:6)
  A bloated husk (Swamp:3)
  9 tyrant leeches
  7 hornets
  2 polar bears
  4 trolls
  3 tarantellas (Spider:1)
  16 blink frogs
  8 slime creatures
  A spectral dream sheep (Gauntlet)
  9 small abominations (Lair:6)
  2 spectral black mambas (Gauntlet)
  13 jumping spiders (Spider:1)
  Sigmund (D:2)
  10 culicivoras
  2 vampires
  2 shadows (D:11)
  3 ynoxinuls (Lair:6)
  A wraith (D:13)
  4 wyverns
  10 spriggans
  7 fire elementals
  14 humans (D:13)
  5 chaos spawn
  2 neqoxecs (Swamp:4)
  2 steam dragons
  52 yaks
  7 basilisks
  12 vampire mosquitoes
  18 redbacks
  Menkaure (D:7)
  16 swamp worms
  2 wargs
  A hell hound (Elf:1)
  3 acid dragons
  9 water moccasins
  2 swamp drakes
  2 sky beasts (D:8)
  2 black bears
  43 orc warriors
  An ice beast (D:5)
  4 ogres
  34 wolves
  11 centaurs
  2 lemures
  3 phantoms
  5 kobold brigands
  Blork the orc (D:5)
  19 bullfrogs
  A necrophage (D:7)
  3 gnoll sergeants
  2 scorpions
  10 wights
  19 killer bees
  7 howler monkeys
  5 hounds
  9 orc priests
  Crazy Yiuf (D:2)
  2 jellies
  3 iguanas
  Ijyb (D:5)
  Natasha (thrice) (D:2)
  27 orc wizards
  17 gnolls
  5 adders
  A shadow imp (D:7)
  A white imp (D:7)
  An ufetubus (D:4)
  A worm (D:3)
  2 dart slugs
  77 orcs
  6 endoplasms
  19 goblins
  4 hobgoblins
  3 jackals (D:1)
  36 kobolds
  3 quokkas
  4 ball pythons
  3 bats (D:3)
  2 frilled lizards (D:1)
  A rat (D:2)
  A spectral orc (D:3)
851 creatures vanquished.

Vanquished Creatures (others)
  A deep elf knight (Elf:1)
  A bloated husk (Swamp:2)
  A swamp worm (Lair:2)
  A briar patch (Lair:2)
  14 demonic plants (Gauntlet)
  31 fungi
  75 plants
  5 withered plants
129 creatures vanquished.

Grand Total: 980 creatures vanquished

Notes
Turn   | Place    | Note
-------+----------+-------------------------------------------
     0 | D:1      | Mechanicalman the Demigod Wanderer began the quest for the
                  | Orb.
     0 | D:1      | Mechanicalman set off with the following items: a +2 mace,
                  | a +0 buckler, a scroll of teleportation, a +0 leather
                  | armour; and the following spell memorised: Animate
                  | Skeleton; and the following spells available to memorise:
                  | Vampiric Draining
     0 | D:1      | Reached XP level 1. HP: 16/16 MP: 5/5
   445 | D:1      | Reached XP level 2. HP: 18/23 MP: 7/7
   974 | D:1      | Reached skill level 1 in Necromancy
  1536 | D:2      | Reached XP level 3. HP: 23/28 MP: 8/8
  1540 | D:2      | Learned a level 3 spell: Vampiric Draining
  1626 | D:2      | Noticed Natasha
  1635 | D:2      | Killed Natasha
  1728 | D:2      | Noticed Natasha
  1738 | D:2      | Killed Natasha
  1739 | D:2      | Reached XP level 4. HP: 28/36 MP: 8/10
  1866 | D:2      | Noticed Sigmund
  1869 | D:2      | Killed Sigmund
  1870 | D:2      | Reached XP level 5. HP: 42/42 MP: 12/12
  1885 | D:2      | Noticed Natasha
  1895 | D:2      | Killed Natasha
  1988 | D:2      | Found a runed translucent door.
  1989 | D:2      | Noticed Crazy Yiuf
  2554 | D:3      | Noticed a water moccasin
  2558 | D:3      | Killed a water moccasin
  2559 | D:3      | Reached XP level 6. HP: 48/50 MP: 13/13
  2578 | D:3      | Learned a level 4 spell: Cause Fear
  2665 | D:3      | Identified the +3 short sword of the Grinning Madman
                  | {vorpal, rF+ rC- Str+4}
  2870 | D:4      | Found a staircase to the Ecumenical Temple.
  3410 | D:4      | Identified the ring of Yblia {rN+ Will+ Str+6 Dex+3}
  3694 | D:5      | Entered Level 5 of the Dungeon
  4031 | D:5      | Reached skill level 1 in Hexes
  4031 | D:5      | Reached XP level 7. HP: 53/57 MP: 11/15
  4058 | D:5      | Noticed Blork the orc
  4068 | D:5      | Killed Blork the orc
  4340 | D:5      | Noticed Ijyb
  4343 | D:5      | Killed Ijyb
  4382 | D:5      | Reached skill level 5 in Shields
  4868 | D:5      | Reached skill level 1 in Armour
  4984 | D:5      | Noticed Pikel
  5404 | D:5      | HP: 5/127 [lemure[Pikel] (3)]
  5405 | D:5      | Killed Pikel
  5406 | D:5      | Reached skill level 5 in Necromancy
  5406 | D:5      | Reached XP level 8. HP: 6/66 MP: 3/17
  5943 | D:2      | Killed Crazy Yiuf
  6589 | D:6      | Noticed initializr's ghost (novice MiFi)
  6590 | D:6      | Found a runed translucent door.
  6608 | D:6      | Killed initializr's ghost
  7253 | D:6      | Learned a level 2 spell: Passwall
  7257 | D:6      | Learned a level 3 spell: Stone Arrow
  7501 | D:5      | Reached XP level 9. HP: 69/71 MP: 18/18
  7688 | D:6      | Reached skill level 1 in Conjurations
  7868 | D:6      | Reached skill level 1 in Earth Magic
  8588 | D:7      | Found Zonwitat's Magic Scroll Emporium.
  8607 | D:7      | Bought a scroll of enchant armour for 120 gold pieces
  8607 | D:7      | Bought a scroll of magic mapping for 56 gold pieces
  8607 | D:7      | Bought a scroll of teleportation for 48 gold pieces
  8781 | D:7      | Reached skill level 1 in Transmutations
  9028 | D:7      | Noticed Menkaure
  9035 | D:7      | Killed Menkaure
  9387 | D:7      | Bought a scroll of blinking for 120 gold pieces
  9442 | D:8      | Found Kawux's Overcharged Wands.
  9785 | D:8      | Noticed a two-headed ogre
  9796 | D:8      | Killed a two-headed ogre
 10878 | D:8      | Learned a level 2 spell: Sublimation of Blood
 11050 | D:8      | Reached XP level 10. HP: 80/80 MP: 13/20
 11129 | D:8      | Found a staircase to the Lair.
 12475 | D:8      | Reached skill level 5 in Fighting
 12547 | Lair:1   | Entered Level 1 of the Lair of Beasts
 13310 | Lair:1   | Reached skill level 5 in Spellcasting
 14142 | Lair:2   | Got the Catalogue of Cloudy Flames
 14151 | Lair:2   | Found a transporter.
 14216 | Lair:2   | Found a staircase to the Swamp.
 14216 | Lair:2   | Noticed a bog body
 14216 | Lair:2   | Noticed a bog body
 14222 | Lair:2   | Killed a bog body
 14223 | Lair:2   | Reached skill level 5 in Axes
 14231 | Lair:2   | Killed a bog body
 15036 | Lair:2   | Found a transporter.
 15076 | Lair:2   | Reached XP level 11. HP: 32/88 MP: 0/22
 15348 | Lair:2   | Reached skill level 5 in Earth Magic
 15548 | Lair:2   | Noticed Amaemon
 15603 | Lair:2   | Reached skill level 5 in Conjurations
 15689 | Lair:2   | Killed Amaemon
 16504 | Lair:2   | Learned a level 5 spell: Lee's Rapid Deconstruction
 16642 | Lair:2   | HP: 3/89 [briar patch collision (16)]
 17048 | Lair:3   | Noticed an eight-headed hydra
 17419 | Lair:3   | Killed an eight-headed hydra
 18307 | Lair:3   | Noticed a dire elephant
 20696 | D:8      | Reached skill level 5 in Armour
 22339 | D:9      | Reached skill level 5 in Hexes
 23121 | D:10     | Entered Level 10 of the Dungeon
 23122 | D:10     | Found Haci's Weapon Emporium.
 23181 | D:10     | Found a portal to a secret trove of treasure.
 23200 | D:10     | Found a flagged portal.
 23212 | Bailey   | Entered a bailey
 23385 | Bailey   | Noticed an orc knight
 23577 | Bailey   | Noticed an orc knight
 23651 | Bailey   | Killed an orc knight
 23757 | Bailey   | Killed an orc knight
 23758 | Bailey   | Reached XP level 12. HP: 63/97 MP: 0/25
 25093 | D:7      | Bought a scroll of identify for 32 gold pieces
 25093 | D:7      | Bought a scroll of identify for 32 gold pieces
 25093 | D:7      | Bought a scroll of identify for 32 gold pieces
 25253 | D:11     | You fall into a shaft and drop 3 floors!
 25253 | D:14     | Noticed a centaur warrior
 25253 | D:14     | Noticed a centaur warrior
 25255 | D:14     | Noticed a centaur warrior
 25256 | D:14     | Found a gate to the Vaults.
 25256 | D:14     | Noticed a centaur warrior
 25256 | D:14     | Noticed Urug
 25256 | D:14     | Noticed Rupert
 25256 | D:14     | Noticed Nessos
 25257 | D:14     | Noticed a centaur warrior
 25495 | D:12     | Found a transporter.
 25653 | D:11     | Found Beaq's Armour Shoppe.
 27076 | D:11     | Found Niagallo's Weapon Shoppe.
 27076 | D:11     | Found a staircase to the Orcish Mines.
 27133 | D:11     | Reached skill level 5 in Maces & Flails
 27240 | D:11     | Bought a +3 scale mail of poison resistance for 345 gold
                  | pieces
 27763 | D:12     | Found a transporter.
 28244 | D:12     | Noticed a two-headed ogre
 28249 | D:12     | Killed a two-headed ogre
 28308 | D:12     | Found a transporter.
 28310 | D:12     | Found a transporter.
 28358 | D:12     | Found a transporter.
 28386 | D:12     | Found a transporter.
 28401 | D:12     | Noticed a two-headed ogre
 28405 | D:12     | Killed a two-headed ogre
 28510 | D:12     | Noticed an eight-headed hydra
 28516 | D:12     | Killed an eight-headed hydra
 29319 | D:13     | Noticed a five-headed hydra
 29709 | Lair:3   | Killed a dire elephant
 29975 | Lair:3   | Noticed an anaconda
 29975 | Lair:3   | Noticed an anaconda
 30197 | Lair:4   | Found a gate leading to a gauntlet.
 30213 | Gauntlet | Entered a Gauntlet
 30213 | Gauntlet | Found a transporter.
 30213 | Gauntlet | Found a transporter.
 30213 | Gauntlet | Found a transporter.
 30385 | Gauntlet | Found a transporter.
 30391 | Gauntlet | Found a transporter.
 30400 | Gauntlet | Found a transporter.
 30400 | Gauntlet | Found a transporter.
 30402 | Gauntlet | Noticed a dire elephant
 30415 | Gauntlet | Found a transporter.
 30430 | Gauntlet | Found a transporter.
 30450 | Gauntlet | Found a transporter.
 30453 | Gauntlet | Found a transporter.
 30468 | Gauntlet | Found a transporter.
 31005 | Gauntlet | Reached XP level 13. HP: 85/105 MP: 5/27
 31011 | Gauntlet | Learned a level 5 spell: Irradiate
 31149 | Gauntlet | Identified the -3 cloak of Voracious Awe {Str+2}
 31268 | Gauntlet | Noticed a minotaur
 31282 | Gauntlet | Killed a minotaur
 31291 | Gauntlet | Got the Incunabulum of the Compass
 31293 | Gauntlet | Identified the +2 swamp dragon scales of Plog {Harm +Blink
                  | rPois rF- Int-4}
 32257 | Lair:4   | Found a hole to the Spider Nest.
 32975 | Lair:5   | Found a staircase to the Slime Pits.
 34108 | Lair:5   | Identified the +2 chain mail of Bomniuq {rN+++ rCorr Str-3}
 34121 | Lair:5   | Reached skill level 5 in Transmutations
 34734 | Lair:6   | Entered Level 6 of the Lair of Beasts
 35259 | Lair:5   | Gained mutation: Armour fits poorly on your strangely
                  | shaped body. [mutagenic glow]
 37972 | Lair:6   | Reached XP level 14. HP: 113/114 MP: 20/29
 38285 | Lair:6   | Found a one-way gate to the infinite horrors of the Abyss.
 38567 | Orc:1    | Entered Level 1 of the Orcish Mines
 39752 | Orc:2    | Entered Level 2 of the Orcish Mines
 39767 | Orc:2    | Found Gument's Armour Shop.
 39852 | Orc:2    | Noticed Sonja
 39857 | Orc:2    | Killed Sonja
 40675 | Orc:2    | Found Qaegyum's Magic Scroll Emporium.
 40748 | Orc:2    | Bought a scroll of blinking for 112 gold pieces
 40748 | Orc:2    | Bought a scroll of blinking for 112 gold pieces
 40842 | Orc:2    | Found Feofraj's General Store.
 41089 | Orc:2    | Found Xeokeesi's Assorted Antiques.
 41089 | Orc:2    | Found Gearan's General Store.
 41091 | Orc:2    | Found Oxtydol's Weapon Boutique.
 41093 | Orc:2    | Found Enahev's Magic Scroll Shoppe.
 41097 | Orc:2    | Bought a scroll of teleportation for 99 gold pieces
 41097 | Orc:2    | Bought a fuming clear potion for 29 gold pieces
 41109 | Orc:2    | Bought a scroll of teleportation for 51 gold pieces
 41109 | Orc:2    | Bought a scroll of teleportation for 51 gold pieces
 41112 | Orc:2    | Bought a potion of haste for 120 gold pieces
 41409 | Orc:2    | Found a staircase to the Elven Halls.
 41650 | Orc:2    | Found Podij's Jewellery Shop.
 41707 | Orc:2    | Bought an amulet of magic regeneration for 420 gold pieces
 41952 | D:8      | Bought a wand of digging (11) for 450 gold pieces
 42101 | Swamp:1  | Entered Level 1 of the Swamp
 45735 | Swamp:3  | Noticed Donald
 45928 | Swamp:3  | Killed Donald
 46787 | Swamp:3  | Reached XP level 15. HP: 86/121 MP: 18/30
 47032 | Swamp:4  | Entered Level 4 of the Swamp
 47625 | Swamp:4  | Noticed a fenstrider witch
 47632 | Swamp:4  | Killed a fenstrider witch
 47779 | Swamp:4  | Learned a level 4 spell: Petrify
 47806 | Swamp:4  | Noticed a thorn hunter
 47815 | Swamp:4  | Killed a thorn hunter
 47816 | Swamp:4  | Reached skill level 10 in Conjurations
 48106 | Swamp:4  | Noticed a tentacled monstrosity
 48248 | Swamp:4  | Killed a tentacled monstrosity
 48352 | Swamp:4  | Reached skill level 10 in Earth Magic
 48699 | Swamp:4  | Noticed a fenstrider witch
 48704 | Swamp:4  | Killed a fenstrider witch
 48709 | Swamp:4  | Noticed a fenstrider witch
 49340 | Swamp:4  | Noticed a fenstrider witch
 49344 | Swamp:4  | Killed a fenstrider witch
 49346 | Swamp:4  | Killed a fenstrider witch
 49689 | Swamp:4  | Noticed a tentacled monstrosity
 49695 | Swamp:4  | Killed a tentacled monstrosity
 49897 | Swamp:4  | Got a decaying rune of Zot
 49901 | Swamp:4  | Noticed a fenstrider witch
 49902 | Swamp:4  | Noticed a tentacled monstrosity
 49906 | Swamp:4  | Killed a fenstrider witch
 49917 | Swamp:4  | Killed a tentacled monstrosity
 50845 | Lair:3   | Got Poroprev's Grimoire of Damage Dealing and Stolen Souls
 50923 | Spider:1 | Entered Level 1 of the Spider Nest
 51735 | Lair:4   | Gained mutation: You are frail. (-10% HP) [mutagenic glow]
 51736 | Lair:4   | Lost mutation: Armour fits poorly on your strangely shaped
                  | body. [potion of mutation]
 51736 | Lair:4   | Lost mutation: You are frail. (-10% HP) [potion of
                  | mutation]
 51736 | Lair:4   | Gained mutation: You are resistant to electric shocks.
                  | (rElec) [potion of mutation]
 51736 | Lair:4   | Gained mutation: You have sharp toenails. [potion of
                  | mutation]
 51736 | Lair:4   | Gained mutation: You have hidden genetic potential. [potion
                  | of mutation]
 52703 | Spider:1 | Reached XP level 16. HP: 47/130 MP: 23/32
 52719 | Spider:1 | Gained mutation: You do not regenerate when monsters are
                  | visible. [mutagenic glow]
 53533 | Elf:1    | Entered Level 1 of the Elven Halls
 53533 | Elf:1    | Noticed Azrael
 53680 | Orc:2    | Killed Azrael
 53836 | Elf:1    | Reached skill level 10 in Armour
 54409 | D:13     | Killed Rupert
 55343 | D:13     | Killed Urug
 55831 | D:14     | HP: 5/132 [Nessos/arrow (2)]
 55832 | D:13     | Succumbed to Nessos's poison

Illustrated notes

Levels and vault maps discovered:
D:1:      dreamdust_arrival_sigmund_warning, layout_rooms, serial_corexii_hall,
          corexii_hall_statues_x, chequers_hall_statues_wall_a
D:2:      layout_basic, corner_web_ring, uniq_crazy_yiuf_cottage, uniq_sigmund,
          uniq_natasha
D:3:      layout_rooms, yredelemnul_forgotten_temple_becter,
          basic_ecumenical_altar, minmay_surrounded
D:4:      layout_loops_ring, lemuel_crystal_altar, temple_green
D:5:      layout_loops_corners, grunt_ministairs_13, uniq_blork_the_orc,
          uniq_pikel, uniq_ijyb
D:6:      layout_basic, lemuel_tele_altar, nicolae_dithmenos_shadow_blocks,
          gammafunk_ghost_grave
D:7:      layout_rooms, overflow_temple_1_default, mainiacjoe_overflow_catwalk,
          serial_shops, nicolae_square_shop, uniq_menkaure
D:8:      layout_layer_cave, amcnicky_altar_gilded, david_lair_shrubbed,
          nicolae_shop_overcharged_wands
D:9:      layout_cave_pools, nicolae_wu_jian_glorious_leap
D:10:     layout_loops_ring, okawaru_altar_gauntlet_db, serial_shops,
          nicolae_shop_bloodbath_and_beyond, enter_bailey_3,
          nicolae_trove_entry_crossroad
D:11:     layout_small_grid, orc_david_3
D:12:     layout_irregular_city, serial_nicolae_subway,
          nicolae_sub_station_stone, nicolae_sub_station_metal,
          nicolae_sub_station_crystal
D:13:     layout_basic
D:14:     layout_rooms, david_vaults_3, nicolae_elyvilon_peaceful_grove,
          corexii_corridor_pit, tso_metal_star, uniq_kirke, uniq_nessos
Lair:1:   layout_small_grid, basic_altar
Lair:2:   gammafunk_worm_tunnel, layout_cave_pods, skrybe_swamp_entry_bodies,
          uniq_amaemon
Lair:3:   layout_cave_pods, minmay_stone_trees_small, nicolae_lair_lakeside_cave
Lair:4:   layout_small_grid, spider_nest_entry_a, gauntlet_entry_generic,
          grunt_megastairs_4
Lair:5:   layout_regular_city, slime_altar_1, st_stairs_3
Lair:6:   hellmonk_lair_end_abyssal_woods, layout_regular_city, pond
Swamp:1:  layout_basic_swamp, nicolae_swamp_fairy_circle,
          infiniplex_staircase_pool
Swamp:2:  layout_basic_swamp, evilmike_swamp_ruin_rubble_1, swamp_pool1
Swamp:3:  layout_basic_swamp, nicolae_swamp_some_circles, swamp_pool2,
          uniq_donald
Swamp:4:  nzn_swamp_witches_coven, layout_basic_swamp, swamp_pool3,
          nicolae_swamp_very_dense_foliage
Spider:1: layout_spider_delve
Orc:1:    layout_caves
Orc:2:    st_orc_rangers, layout_caves, serial_shops, shop,
          nicolae_shop_hallway_stairs, nicolae_lakefront_shop,
          nicolae_shop_advertising_works [nicolae_subvault_shop_adworks],
          uniq_sonja
Elf:1:    eino_elf_arrival_sip, layout_rooms, minivault_28, uniq_azrael

Skill      XL: |  1  2  3  4  5  6  7  8  9 10 11 12 13 14 15 16 |
---------------+-------------------------------------------------+-----
Maces & Flails | 2 4 5 7 8 9 |  9.9
Spellcasting   | 2 3 4 5 6 7 8 |  8.2
Necromancy     | 1 2 3 4 5 6 |  6.0
Shields        | 4 5 6 7 8 9 |  9.5
Fighting       | 2 3 4 5 6 7 8 9 |  9.0
Hexes          | 1 2 3 4 5 6 |  6.0
Armour         | 1 2 3 4 5 6 7 8 9 10 | 10.2
Axes           | 2 3 4 5 |  5.3
Conjurations   | 3 4 6 7 8 9 10 11 | 11.1
Earth Magic    | 3 4 6 7 8 9 10 11 | 11.0
Transmutations | 1 2 4 5 7 8 9 |  9.2
Dodging        | |  1.0

Action                   |  1- 3 |  4- 6 |  7- 9 | 10-12 | 13-15 | 16-18 || total
-------------------------+-------+-------+-------+-------+-------+-------++-------
Melee: Mace              |    81 |   134 |    55 |       |       |       ||   270
       War axe           |       |       |   188 |    53 |       |       ||   241
       Unarmed           |       |       |     3 |       |       |       ||     3
       Demon whip        |       |       |       |   367 |   453 |    44 ||   864
 Fire: Hunting sling     |       |    12 |       |       |       |       ||    12
Throw: Dart              |       |     3 |     4 |       |       |       ||     7
 Cast: Vampiric Draining |       |    10 |    34 |   116 |     1 |       ||   161
       Stone Arrow       |       |       |    55 |   255 |   344 |    53 ||   707
       Sublimation of Bl |       |       |       |     4 |       |       ||     4
       Cause Fear        |       |       |       |     7 |       |       ||     7
       Lee's Rapid Decon |       |       |       |    22 |     8 |     4 ||    34
       Passwall          |       |       |       |     1 |     1 |       ||     2
       Irradiate         |       |       |       |       |   208 |    32 ||   240
Evoke: Wand              |     1 |     5 |    11 |     6 |    11 |       ||    34
       Condenser vane    |       |       |       |       |     3 |       ||     3
  Use: Scroll            |     1 |     1 |     8 |    31 |    12 |     1 ||    54
       Potion            |     1 |       |     6 |     2 |    10 |       ||    19
 Stab: Confused          |       |       |       |       |     2 |       ||     2
Armor: Leather armour    |    23 |    32 |    46 |    66 |       |       ||   167
       Skin              |       |       |     9 |       |       |       ||     9
       Acid dragon scale |       |       |       |    83 |       |       ||    83
       Scale mail        |       |       |       |    60 |   178 |       ||   238
       Quicksilver drago |       |       |       |       |    83 |    38 ||   121
       Swamp dragon scal |       |       |       |       |    67 |     2 ||    69
Dodge: Dodged            |    40 |    94 |   169 |   360 |   320 |    35 ||  1018
Block: Buckler           |    19 |    36 |    90 |   144 |    24 |       ||   313
       Kite shield       |       |       |       |   172 |   500 |    64 ||   736

Table legend: (Time is in decaauts)
 A = Elapsed time spent in this place.
 B = Non-inter-level travel time spent in this place.
 C = Inter-level travel time spent in this place.
 D = Time resting spent in this place.
 E = Time spent auto-exploring this place.
 F = Levels seen in this place.
 G = Mean time per level.
                   A        B        C        D        E       F      G
               +--------+--------+--------+--------+--------+-----+--------+
         Total |  56039 |  53741 |   2298 |  23154 |  21692 |  30 | 1868.0 |
       Dungeon |  25351 |  24227 |   1124 |   9725 |  10491 |  14 | 1810.8 |
          Lair |  15635 |  14819 |    816 |   6149 |   6706 |   6 | 2605.8 |
         Swamp |   8261 |   8086 |    175 |   4374 |   2627 |   4 | 2065.2 |
   Spider Nest |   1244 |   1222 |     22 |    494 |    495 |   1 | 1244.0 |
  Orcish Mines |   3480 |   3331 |    149 |   1568 |   1212 |   2 | 1740.0 |
   Elven Halls |    195 |    185 |     10 |     46 |     53 |   1 |  195.0 |
        Bailey |    813 |    813 |      0 |    386 |      3 |   1 |  813.0 |
      Gauntlet |   1057 |   1057 |      0 |    411 |    104 |   1 | 1057.0 |
               +--------+--------+--------+--------+--------+-----+--------+

Top non-repeatable levels by time:
     D:8: 6801 daAuts
  Lair:6: 3127 daAuts
 Swamp:4: 3038 daAuts
  Lair:4: 2900 daAuts
  Lair:2: 2698 daAuts
     D:5: 2560 daAuts
  Lair:5: 2552 daAuts
 Swamp:1: 2519 daAuts
  Lair:3: 2483 daAuts
   Orc:2: 2227 daAuts
    D:11: 2101 daAuts
    D:10: 1896 daAuts
  Lair:1: 1873 daAuts
    D:12: 1740 daAuts
    D:13: 1718 daAuts
